 Dungeon Crawl Stone Soup version 0.29-a0-321-gf1c400731a (webtiles) character file.

Game seed: 11017672231965288975

4092 Dabor the Cleaver (level 10, -9/135 HPs)
             Began as a Hill Orc Fighter on Apr 5, 2022.
             Killed from afar by Maggie (22 damage)
             ... with a bolt of fire
             ... on level 7 of the Dungeon.
             The game lasted 00:11:26 (8225 turns).

Dabor the Cleaver (Hill Orc Fighter)                Turns: 8225, Time: 00:11:27

Health: -9/135     AC: 25    Str: 30    XL:     10   Next: 26%
Magic:  10/10      EV:  2    Int:  8    God:
Gold:   418        SH: 14    Dex: 10    Spells: 9/9 levels left

rFire   . . .      SeeInvis +   a - +0 war axe
rCold   . . .      Faith    .   h - +0 tower shield
rNeg    . . .      Spirit   .   (body armour currently unavailable)
rPois   +          Reflect  .   (helmet currently unavailable)
rElec   .          Harm     .   (cloak currently unavailable)
rCorr   .          Rampage  .   (gloves currently unavailable)
Will    +....      NoTele   +   (boots currently unavailable)
Stlth   +.........              (no amulet)
HPRegen 0.32/turn               E - +6 ring of strength
MPRegen 0.12/turn               z - ring of willpower

@: tree-form, hasted, very quick
A: stationary, stasis, torment immunity, boosted hp, see invisible, (poison
resistance)
a: no special abilities


You were on level 7 of the Dungeon.
You were a tree.
You visited 2 branches of the dungeon, and saw 8 of its levels.
You also visited: Ossuary and Bailey.

You collected 418 gold pieces.

Inventory:

Hand Weapons
 a - a +0 war axe (weapon)
 F - a +0 mace of holy wrath
Missiles
 m - 2 poisoned darts (quivered)
Armour
 b - a +0 scale mail
 g - a +1 helmet (melded)
 h - a +0 tower shield (worn)
 w - a +1 pair of gloves (melded)
 C - a +1 cloak (melded)
 G - +0 steam dragon scales (melded)
Jewellery
 l - a ring of protection from fire
 z - a ring of willpower (right branch)
 D - a ring of flight
 E - a +6 ring of strength (left branch)
Wands
 j - a wand of digging (4)
Scrolls
 d - 4 scrolls of fear
 e - 2 scrolls of blinking
 f - 2 scrolls of fog {unknown}
 i - 7 scrolls of teleportation
 k - 3 scrolls of holy word
 n - a scroll of silence
 v - a scroll of amnesia
 x - a scroll of torment
 y - a scroll of immolation
 B - a scroll of summoning
 H - a scroll of enchant weapon {unknown}
Potions
 c - a potion of might
 o - 3 potions of attraction
 q - 2 potions of mutation
 r - 4 potions of brilliance
 s - a potion of lignification
 t - 2 potions of haste
 A - 2 potions of heal wounds {unknown}


   Skills:
 + Level 8.8 Fighting
 + Level 9.1 Axes
 + Level 8.0 Armour
 + Level 4.7 Dodging
 + Level 8.0 Shields


You had 9 spell levels left.
You didn't know any spells.
Your spell library contained the following spells:

 Spells                   Type           Power      Damage    Failure   Level
 Animate Skeleton         Necr           0%         N/A       98%         1
 Beastly Appendage        Tmut           0%         N/A       98%         1
 Foxfire                  Conj/Fire      0%         2x1d4     98%         1
 Slow                     Hex            0%         N/A       98%         1
 Wereblood                Tmut           0%         N/A       99%         2
 Confusing Touch          Hex            0%         N/A       100%        3
 Conjure Flame            Conj/Fire      0%         6-21      100%        3
 Ignite Poison            Fire/Tmut/Pois 0%         N/A       100%        3
 Inner Flame              Hex/Fire       0%         N/A       100%        3
 Spider Form              Tmut/Pois      0%         N/A       100%        3
 Vampiric Draining        Necr           0%         2d6       100%        3
 Anguish                  Hex/Necr       0%         N/A       100%        4
 Animate Dead             Necr           0%         N/A       100%        4
 Flame Wave               Conj/Fire      0%         2d4       100%        4


Dungeon Overview and Level Annotations

Branches:
Dungeon (7/15)             Temple (1/1) D:5         Ossuary (visited)
 Bailey (visited)

Altars:
Ashenzari
Cheibriados
Dithmenos
Elyvilon
Fedhas
Gozag
Hepliaklqana
Kikubaaqudgha
Makhleb
Nemelex Xobeh
Okawaru
Qazlal
Ru
Sif Muna
Trog
Uskayaw
Vehumet
Wu Jian
Xom
Yredelemnul
Zin
The Shining One

Annotations:
D:7 Maggie


Innate Abilities, Weirdness & Mutations

You are a tree.
Your roots penetrate the ground, keeping you stationary.
You cannot be teleported.
You are immune to unholy pain and torment.
Your maximum health is greatly increased.
Your equipment is partially melded.
You have supernaturally acute eyesight. (SInv)
((Your system is resistant to poisons. (rPois)))


Message History

Maggie smiles, but it's obviously fake.
Maggie mumbles some strange words.
Maggie attempts to bespell you! You resist. Maggie barely misses you.
You slash Maggie!
Maggie is heavily wounded.
You block Maggie's attack.
You slash Maggie!
Maggie is severely wounded.
Maggie zaps a wand.
You block the puff of flame.
You closely miss Maggie.
Maggie is severely wounded.
Maggie gestures at you while chanting. The bolt of fire hits you!!
Maggie hits you but does no damage.
You are too injured to fight recklessly!
You are too injured to fight recklessly!
You are too injured to fight recklessly!
You are too injured to fight recklessly!
You are too injured to fight recklessly!
Sorry, you're not good enough to have a special ability.
Unknown command.
You slash Maggie!
Maggie is almost dead.
Maggie hits you with a +0 long sword!
* * * LOW HITPOINT WARNING * * *
It was a potion of mutation.
You feel extremely strange.
You feel resistant to poisons.
Your vision sharpens.
You block Maggie's attack.
It was a potion of haste.
You feel yourself speed up.
Maggie points at you and mumbles some strange words.
The bolt of fire hits you!
* * * LOW HITPOINT WARNING * * *
Okay, then.
It was a potion of lignification.
You turn into a tree.
Your +1 cloak melds into your body.
Your +1 helmet melds into your body.
Your +1 pair of gloves melds into your body.
Your +0 steam dragon scales melds into your body.
Your roots penetrate the ground.
Maggie points at you and mumbles some strange words.
The bolt of fire hits you!!
You die...

(...... .......
(....$.#################
(((....#.......##.......
....................####
.....(.#.......##.....##
......@........#)..##..#
.......♣..........##....
......>#..........#._...
.......#.......#..##....
########...........##..#
######...#.....##
#########.......####
#........#.#...#....
#........#.#...#....
#........#..........


You could see Maggie.

Vanquished Creatures
  A two-headed ogre (Bailey)
  Pikel (D:5)
  Prince Ribbit (D:7)
  Sigmund (D:3)
  4 spriggans (Bailey)
  2 steam dragons
  A sky beast (D:7)
  4 ogres (Bailey)
  4 necrophages
  3 bullfrogs
  3 scorpions
  A killer bee (D:7)
  2 hounds (D:6)
  3 human zombies (Ossuary)
  A jelly (D:5)
  2 orc wizards (D:7)
  Natasha (thrice) (D:3)
  4 iguanas
  A hound zombie (Ossuary)
  5 mummies
  4 gnolls (D:2)
  6 adders
  5 white imps
  An ufetubus (D:7)
  An adder zombie (Ossuary)
  A dart slug (D:1)
  11 orcs
  6 endoplasms
  4 giant cockroaches
  5 goblins
  9 hobgoblins
  5 jackals (D:1)
  6 kobolds
  2 quokkas
  10 ball pythons
  8 bats
  4 frilled lizards
  2 hobgoblin zombies (Ossuary)
  A jackal zombie (Ossuary)
  2 kobold zombies (Ossuary)
  2 orc zombies (Ossuary)
  7 rats
149 creatures vanquished.

Notes
Turn   | Place    | Note
-------+----------+-------------------------------------------
     0 | D:1      | Dabor the Hill Orc Fighter began the quest for the Orb.
     0 | D:1      | Reached XP level 1. HP: 19/19 MP: 1/1
   171 | D:1      | Reached XP level 2. HP: 27/27 MP: 2/2
   183 | D:1      | Reached skill level 3 in Axes
   488 | D:1      | Reached XP level 3. HP: 23/33 MP: 3/3
  1041 | D:2      | Reached XP level 4. HP: 26/40 MP: 4/4
  1442 | D:2      | Found a faded altar of an unknown god.
  1844 | D:2      | Reached skill level 4 in Axes
  1979 | D:3      | Reached XP level 5. HP: 47/47 MP: 5/5
  2116 | D:3      | Got the Almanac of Evil Intoxication
  2432 | D:3      | Noticed Natasha
  2440 | D:3      | Killed Natasha
  2533 | D:3      | Noticed Natasha
  2546 | D:3      | Killed Natasha
  2547 | D:3      | Reached skill level 5 in Fighting
  2547 | D:3      | Reached XP level 6. HP: 56/56 MP: 6/6
  2662 | D:3      | Noticed Natasha
  2671 | D:3      | Killed Natasha
  2782 | D:3      | Noticed Sigmund
  2800 | D:3      | Killed Sigmund
  2801 | D:3      | Reached skill level 5 in Axes
  2801 | D:3      | Reached skill level 5 in Armour
  2801 | D:3      | Reached skill level 1 in Dodging
  2801 | D:3      | Reached XP level 7. HP: 36/61 MP: 7/7
  3397 | D:4      | Found a sand-covered staircase.
  3408 | Ossuary  | Entered an ossuary
  3444 | Ossuary  | Reached skill level 5 in Shields
  4623 | D:5      | Entered Level 5 of the Dungeon
  4977 | D:5      | Found a staircase to the Ecumenical Temple.
  4981 | D:5      | Noticed Pikel
  5001 | D:5      | Killed Pikel
  5002 | D:5      | Reached skill level 6 in Axes
  5002 | D:5      | Reached XP level 8. HP: 25/71 MP: 8/8
  5006 | Temple   | Entered the Ecumenical Temple
  6053 | D:6      | Reached skill level 7 in Axes
  6151 | D:6      | Reached XP level 9. HP: 76/79 MP: 9/9
  6888 | D:7      | Found a shadowy altar of Dithmenos.
  6973 | D:7      | Found a flagged portal.
  7022 | D:7      | Noticed Prince Ribbit
  7055 | D:7      | Killed Prince Ribbit
  7113 | Bailey   | Entered a bailey
  7278 | Bailey   | Reached skill level 8 in Axes
  7584 | Bailey   | Noticed a two-headed ogre
  7606 | Bailey   | Killed a two-headed ogre
  7607 | Bailey   | Reached XP level 10. HP: 38/90 MP: 10/10
  7643 | Bailey   | Reached skill level 9 in Axes
  8203 | D:7      | Noticed Maggie
  8223 | D:7      | Gained mutation: Your system is resistant to poisons.
                  | (rPois) [potion of mutation]
  8223 | D:7      | Gained mutation: You have supernaturally acute eyesight.
                  | (SInv) [potion of mutation]
  8225 | D:7      | Killed from afar by Maggie

Illustrated notes

Levels and vault maps discovered:
D:1:      lightli_arrival_maybe_door_vault, layout_basic
D:2:      layout_basic, hellmonk_ecumenical_altar_crossroads, minivault_19,
          dk_noncrumbling_4
D:3:      layout_basic, minivault_14, due_unseen_surprise, uniq_sigmund,
          uniq_natasha
D:4:      layout_loops_ring, gup_ossuary_entry_pyramid
D:5:      layout_loops_ring, minmay_temple_entry_grid, uniq_pikel
D:6:      layout_loops_cross
D:7:      layout_rooms, nicolae_dithmenos_through_a_glass_darkly,
          enter_bailey_8, st_stairs_2, uniq_maggie, uniq_prince_ribbit1
Temple:   kilobyte_greek_temple

Skill      XL: |  1  2  3  4  5  6  7  8  9 10 |
---------------+-------------------------------+-----
Axes           | 3 4 5 6 7 8 9 |  9.1
Fighting       | 4 5 6 7 8 |  8.8
Armour         | 4 5 6 7 8 |  8.0
Shields        | 4 6 7 8 |  8.0
Dodging        | 1 2 3 4 |  4.7

Action                   |  1- 3 |  4- 6 |  7- 9 | 10-12 || total
-------------------------+-------+-------+-------+-------++-------
Melee: War axe           |    86 |    99 |   322 |    18 ||   525
Throw: Dart              |       |       |    19 |    12 ||    31
       Throwing net      |       |       |     1 |       ||     1
Evoke: Wand              |       |       |    15 |       ||    15
  Use: Potion            |       |     7 |     2 |     3 ||    12
       Scroll            |       |       |    15 |       ||    15
 Stab: Paralysed         |       |       |    18 |       ||    18
       Held in net/web   |       |       |     1 |       ||     1
Armor: Scale mail        |    61 |    42 |    74 |       ||   177
       Steam dragon scal |       |       |    37 |     3 ||    40
Dodge: Dodged            |    52 |    35 |    77 |     5 ||   169
Block: Buckler           |    31 |    16 |       |       ||    47
       Tower shield      |       |    13 |   251 |    15 ||   279

Table legend: (Time is in decaauts)
 A = Elapsed time spent in this place.
 B = Non-inter-level travel time spent in this place.
 C = Inter-level travel time spent in this place.
 D = Time resting spent in this place.
 E = Time spent auto-exploring this place.
 F = Levels seen in this place.
 G = Mean time per level.
                   A        B        C        D        E       F      G
               +--------+--------+--------+--------+--------+-----+--------+
         Total |   8521 |   8135 |    386 |   1372 |   5072 |  10 |  852.1 |
       Dungeon |   6800 |   6421 |    379 |    602 |   4530 |   7 |  971.4 |
        Temple |    354 |    347 |      7 |    214 |    129 |   1 |  354.0 |
       Ossuary |    491 |    491 |      0 |    234 |     80 |   1 |  491.0 |
        Bailey |    874 |    874 |      0 |    322 |    333 |   1 |  874.0 |
               +--------+--------+--------+--------+--------+-----+--------+

Top non-repeatable levels by time:
     D:3: 1439 daAuts
     D:2: 1140 daAuts
     D:6: 999 daAuts
     D:4: 983 daAuts
  Bailey: 874 daAuts
     D:1: 874 daAuts
     D:5: 776 daAuts
     D:7: 586 daAuts
 Ossuary: 491 daAuts
  Temple: 354 daAuts
